 Dungeon Crawl Stone Soup version 0.28.0-53-g5a82cb258f (webtiles) character file.

Game seed: 9768246754825831789

66201 sanboga the Executioner (level 14, -1/137 HPs)
             Began as a Minotaur Berserker on July 12, 2022.
             Was a High Priest of Trog.
             Slain by a tengu warrior
             ... wielding a +0 glaive
              (11 damage)
             ... on level 15 of the Dungeon on July 15, 2022.
             The game lasted 00:24:32 (14674 turns).

sanboga the Executioner (Minotaur Berserker)       Turns: 14674, Time: 00:24:32

Health: -1/137     AC: 28    Str: 31    XL:     14   Next: 78%
Magic:  13/13      EV:  9    Int:  4    God:    Trog [*****.]
Gold:   1345       SH:  0    Dex: 12    Spells: 13/13 levels left

rFire   . . .      SeeInvis .   a - +6 executioner's axe (vorpal)
rCold   . . .      Faith    .   (shield currently unavailable)
rNeg    . . .      Spirit   .   K - +3 plate armour {Will+}
rPois   .          Reflect  .   (helmet restricted)
rElec   .          Harm     .   j - +2 cloak
rCorr   .          Rampage  .   B - +1 pair of gloves {Stlth+}
Will    ++...                   m - +0 pair of boots
Stlth   ..........              i - amulet of regeneration
HPRegen 1.12/turn               J - +4 ring of slaying
MPRegen 0.13/turn               e - +6 ring of strength

@: on berserk cooldown, flying, slowed, studying Crossbows, very slow
A: horns 2, retaliatory headbutt
a: Renounce Religion, Berserk, Trog's Hand, Brothers in Arms


You were on level 15 of the Dungeon.
You worshipped Trog.
Trog was extremely pleased with you.
You visited 2 branches of the dungeon, and saw 16 of its levels.
You also visited: Ossuary and Bailey.

You collected 1345 gold pieces.

Inventory:

Hand Weapons
 a - a +6 vorpal executioner's axe (weapon)
 b - a +7 broad axe of flaming
Armour
 j - a +2 cloak (worn)
 m - a +0 pair of boots (worn)
 r - a +0 pair of gloves
 B - a +1 pair of gloves of stealth (worn)
 K - a +3 plate armour of willpower (worn)
Jewellery
 e - a +6 ring of strength (right hand)
 i - an amulet of regeneration (around neck)
 k - a ring of willpower
 u - a ring of fire
 J - a +4 ring of slaying (left hand)
Wands
 q - a wand of charming (10)
 t - a wand of iceblast (23)
 v - a wand of polymorph (17)
 G - a wand of flame (35)
Scrolls
 d - a scroll of teleportation
 w - 3 scrolls of fog
 x - a scroll of blinking
 y - a scroll of identify
 z - 7 scrolls of summoning
 A - 4 scrolls of enchant armour
 E - 4 scrolls of magic mapping
 F - 2 scrolls of fear
Potions
 g - a potion of invisibility
 h - 2 potions of cancellation
 l - 7 potions of might
 o - 7 potions of haste
 p - 6 potions of mutation
 s - a potion of ambrosia
 C - 2 potions of curing
 H - 2 potions of berserk rage


   Skills:
 + Level 16.2 Fighting
 * Level 21.9 Axes
 + Level 15.9 Armour
 - Level 2.1 Dodging


You had 13 spell levels left.
You didn't know any spells.
Your spell library was empty.

Dungeon Overview and Level Annotations

Branches:
Dungeon (15/15)            Temple (1/1) D:5            Lair (0/6) D:10
    Orc (0/2) D:12         Vaults (0/5) D:13         Depths (0/4) D:15
Ossuary (visited)          Bailey (visited)

Altars:
Ashenzari
Fedhas
Gozag
Hepliaklqana
Kikubaaqudgha
Makhleb
Nemelex Xobeh
Okawaru
Qazlal
Ru
Sif Muna
Trog
Vehumet
Xom
Yredelemnul

Shops:
D:4 (

Portals:
Trove: D:12 (give 17 potions of curing)


Innate Abilities, Weirdness & Mutations

You have a pair of horns on your head.
You reflexively headbutt those who attack you in melee.


Message History

The deep elf pyromancer mumbles some strange words.
The boulder beetle closely misses you. You furiously retaliate!
You headbutt the boulder beetle, but do no damage.
The tengu warrior hits you with a +3 war axe.
The tengu warrior closely misses you.
The tengu warrior claws you but does no damage.
The tengu warrior hits you from afar with a +0 glaive!
The deep elf pyromancer gestures wildly while chanting.
The boulder beetle barely misses you. You furiously retaliate!
You headbutt the boulder beetle!
You kill the boulder beetle!
Trog accepts your kill.
You barely miss the tengu warrior.
You headbutt the tengu warrior, but do no damage.
The tengu warrior is lightly wounded.
You slash the fire elemental!
The tengu warrior hits you but does no damage.
The tengu warrior barely misses you.
The tengu warrior claws you but does no damage.
The tengu warrior hits you from afar with a +0 glaive.
The fire elemental hits you. The fire elemental burns you!
An efreet comes into view.
It is wielding a +4 scimitar of flaming.
The tengu warrior hits you with a +3 war axe!
The tengu warrior pecks you but does no damage.
The tengu warrior claws you.
The tengu warrior completely misses you.
You are too injured to fight recklessly!
You feel much better. The fire elemental hits you.
The fire elemental burns you!
The deep elf pyromancer points at you and mumbles some strange words.
The bolt of fire hits you!!
* * * LOW HITPOINT WARNING * * *
The tengu warrior hits you with a +3 war axe!
* * * LOW HITPOINT WARNING * * *
The tengu warrior pecks you but does no damage.
The tengu warrior claws you but does no damage.
The fire elemental hits you. The fire elemental burns you!
* * * LOW HITPOINT WARNING * * *
The tengu warrior hits you from afar with a +0 glaive!
You die...

....# #......#... ....# ...
#......#... ...## .. ...
#.......... ....# .# ##'##
###.......... ....# '.
...#<..########### ####### #.
°R°#.[.#.........# ...#.. #EE'..
#.........# .(.'..#####Qe#
#.........# #####
#....†)E@.#...#.........# ....#
#.....†).)Q...#.........# ....#
#####+#####...#.........# ....#
#8≈≈≈≈≈≈≈8# ..#.........# ....#
#≈≈≈≈≈≈≈≈≈# .###'####### #####
#≈≈≈≈≈≈≈≈≈# #..........
..#######.........#####..........
..##................#.##.........
..##................#.##.........


You could see 2 tengu warriors, a deep elf pyromancer, an efreet and 3 fire
elementals.

Vanquished Creatures
  A dire elephant (D:15)
  2 crystal guardians (D:12)
  The ghost of Kazon the Carver, a journeyman HuFi of Okawaru (D:12)
  8 vault guards (D:13)
  5 hydras
  Erolcha (D:9)
  4 boulder beetles
  5 centaur warriors
  An ogre mage (D:15)
  3 catoblepae
  7 two-headed ogres
  A tengu warrior (D:13)
  6 death yaks
  The ghost of mortz the Destroyer, a novice DrCj of Vehumet (D:10)
  A flayed ghost (D:15)
  Pikel (D:4)
  An orange crystal statue (D:12)
  4 deep elf pyromancers
  2 phantasmal warriors (D:12)
  A wolf spider (D:15)
  2 orc knights (D:15)
  3 wizards
  15 ugly things
  A cyclops (shapeshifter) (D:15)
  4 manticores
  5 cyclopes
  A salamander (shapeshifter) (D:15)
  5 centaur zombies
  2 gargoyles
  A kobold demonologist (D:13)
  2 efreet
  2 tengu conjurers (D:13)
  3 freezing wraiths (D:12)
  3 hornets (D:13)
  3 meliai (D:10)
  2 trolls
  12 slime creatures
  A shadow (D:13)
  A jumping spider (shapeshifter) (D:15)
  12 spriggans (D:13)
  A vampire (D:13)
  A spriggan (shapeshifter) (D:13)
  A wyvern (D:10)
  16 yaks
  Sigmund (D:6)
  A wraith (D:12)
  A steam dragon (D:8)
  12 vampire mosquitoes
  Menkaure (D:5)
  2 wargs (D:12)
  Edmund (D:5)
  2 acid dragons
  A water moccasin (D:7)
  Duvessa (D:5)
  15 orc warriors
  4 ice beasts
  A sky beast (D:6)
  3 ogres
  A meliai simulacrum (D:14)
  2 black bears (D:7)
  A necrophage (D:7)
  3 boggarts (D:13)
  11 centaurs
  A lemure (D:4)
  4 kobold brigands
  4 bullfrogs
  4 scorpions
  A wyvern skeleton (D:7)
  Dowan (D:5)
  6 killer bees (D:9)
  8 wights
  2 howler monkeys
  5 electric eels (D:8)
  3 human zombies (Ossuary)
  5 orc priests
  3 gnoll shamans
  5 hounds
  Crazy Yiuf (D:2)
  3 iguanas
  Terence (D:2)
  8 orc wizards
  2 killer bee zombies
  2 hound skeletons (D:4)
  5 mummies (Ossuary)
  17 gnolls
  9 adders
  An ufetubus (D:4)
  3 worms (D:2)
  A dart slug (D:1)
  49 orcs
  2 ball pythons
  2 endoplasms (D:3)
  3 giant cockroaches
  5 goblins
  4 hobgoblins
  4 jackals (D:3)
  23 kobolds
  4 quokkas
  A frilled lizard (D:3)
  2 goblin zombies (Ossuary)
  A kobold zombie (Ossuary)
  An orc zombie (Ossuary)
  2 rats (D:2)
427 creatures vanquished.

Notes
Turn   | Place    | Note
-------+----------+-------------------------------------------
     0 | D:1      | sanboga the Minotaur Berserker began the quest for the Orb.
     0 | D:1      | Reached XP level 1. HP: 19/19 MP: 0/0
   533 | D:1      | Reached skill level 4 in Axes
   533 | D:1      | Reached XP level 2. HP: 14/27 MP: 1/1
   954 | D:1      | Found a faded altar of an unknown god.
  1465 | D:2      | Found a radiant altar of Vehumet.
  1472 | D:2      | Reached XP level 3. HP: 17/33 MP: 2/2
  1907 | D:2      | Noticed Terence
  1913 | D:2      | Killed Terence
  1914 | D:2      | Reached XP level 4. HP: 40/40 MP: 3/3
  1932 | D:2      | Reached skill level 5 in Axes
  2386 | D:2      | Found a runed translucent door.
  2387 | D:2      | Noticed Crazy Yiuf
  2392 | D:2      | Killed Crazy Yiuf
  2774 | D:3      | Identified the +10 rapier of Duty {vamp, Str+5}
  2811 | D:3      | Reached XP level 5. HP: 44/47 MP: 4/4
  3147 | D:4      | Noticed an ogre
  3152 | D:4      | Killed an ogre
  3153 | D:4      | Reached skill level 5 in Fighting
  3153 | D:4      | Reached skill level 6 in Axes
  3208 | D:4      | Noticed a lemure
  3208 | D:4      | Noticed a lemure
  3209 | D:4      | Noticed Pikel
  3209 | D:4      | Noticed a lemure
  3212 | D:4      | Noticed a lemure
  3214 | D:4      | Reached ** piety under Trog
  3215 | D:4      | Reached XP level 6. HP: 51/56 MP: 5/5
  3220 | D:4      | Killed Pikel
  3221 | D:4      | Reached skill level 8 in Axes
  3221 | D:4      | Reached skill level 5 in Armour
  3221 | D:4      | Reached XP level 7. HP: 63/63 MP: 6/6
  3464 | D:4      | Found Wubod's Weapon Shoppe.
  3586 | D:5      | Entered Level 5 of the Dungeon
  3586 | D:5      | Noticed Menkaure
  3592 | D:5      | Killed Menkaure
  3632 | D:5      | Found a staircase to the Ecumenical Temple.
  3658 | D:5      | Noticed Duvessa
  3658 | D:5      | Noticed Dowan
  3665 | D:5      | Killed Duvessa
  3666 | D:5      | Reached XP level 8. HP: 71/71 MP: 7/7
  3675 | D:5      | Reached skill level 9 in Axes
  3680 | D:5      | Killed Dowan
  3843 | D:5      | Noticed Edmund
  3855 | D:5      | Killed Edmund
  3906 | D:5      | Found a radiant altar of Vehumet.
  3911 | D:5      | Found an ancient bone altar of Kikubaaqudgha.
  3912 | D:5      | Found a shimmering blue altar of Sif Muna.
  4040 | D:5      | Found an opulent altar of Gozag.
  4043 | D:5      | Found a burning altar of Makhleb.
  4046 | D:5      | Found an iron altar of Okawaru.
  4063 | D:5      | Found a basalt altar of Yredelemnul.
  4311 | D:5      | Reached skill level 10 in Axes
  4697 | Temple   | Entered the Ecumenical Temple
  4861 | D:6      | Reached XP level 9. HP: 65/81 MP: 8/8
  5073 | D:6      | Noticed Sigmund
  5081 | D:6      | Killed Sigmund
  5081 | D:6      | Reached *** piety under Trog
  5082 | D:6      | Reached skill level 11 in Axes
  5502 | D:7      | Found a flagged portal.
  5503 | D:7      | Reached skill level 12 in Axes
  5512 | Bailey   | Entered a bailey
  5841 | Bailey   | Reached XP level 10. HP: 66/91 MP: 9/9
  6035 | D:7      | Found a sand-covered staircase.
  6043 | Ossuary  | Entered an ossuary
  6323 | D:7      | Reached **** piety under Trog
  6324 | D:7      | Reached skill level 13 in Axes
  6332 | D:7      | Found a bloodstained altar of Trog.
  6566 | D:6      | Found a blossoming altar of Fedhas.
  6566 | D:6      | Found a hazy altar of Hepliaklqana.
  6566 | D:6      | Found a shimmering altar of Xom.
  6566 | D:6      | Found a sacrificial altar of Ru.
  6775 | D:7      | Reached skill level 10 in Fighting
  7515 | D:8      | Found a stormy altar of Qazlal.
  7714 | D:9      | Noticed Erolcha
  7722 | D:9      | Killed Erolcha
  7723 | D:9      | Reached skill level 14 in Axes
  7723 | D:9      | Reached skill level 10 in Armour
  7792 | D:9      | Noticed a deep elf pyromancer
  7865 | D:9      | Killed a deep elf pyromancer
  7933 | D:9      | Reached XP level 11. HP: 101/101 MP: 10/10
  8190 | D:9      | Reached ***** piety under Trog
  8371 | D:10     | Entered Level 10 of the Dungeon
  8439 | D:10     | Noticed a death yak
  8439 | D:10     | Noticed a death yak
  8441 | D:10     | Found a staircase to the Lair.
  8441 | D:10     | Noticed a death yak
  8442 | D:10     | Noticed a death yak
  8476 | D:9      | Killed a death yak
  8528 | D:9      | Killed a death yak
  8529 | D:9      | Reached skill level 15 in Axes
  8533 | D:9      | Killed a death yak
  8579 | D:10     | Noticed a death yak
  8580 | D:10     | Noticed a death yak
  8592 | D:9      | Killed a death yak
  8632 | D:10     | Killed a death yak
  8636 | D:10     | Killed a death yak
  8729 | D:10     | Found a runed translucent door.
  8857 | D:10     | Noticed mortz's ghost (novice DrCj)
  8920 | D:10     | Reached skill level 16 in Axes
  9508 | D:10     | Killed mortz's ghost
  9555 | D:11     | Noticed a two-headed ogre
  9563 | D:11     | Killed a two-headed ogre
  9564 | D:11     | Reached XP level 12. HP: 76/113 MP: 11/11
  9751 | D:11     | Noticed a four-headed hydra
  9757 | D:11     | Killed a seven-headed hydra
  9758 | D:11     | Reached skill level 17 in Axes
 10044 | D:12     | Found a staircase to the Orcish Mines.
 10053 | D:12     | Noticed a two-headed ogre
 10062 | D:12     | Killed a two-headed ogre
 10106 | D:12     | Received a gift from Trog
 10152 | D:12     | Found a runed translucent door.
 10205 | D:12     | Noticed a boulder beetle
 10216 | D:12     | Killed a boulder beetle
 10247 | D:12     | Noticed a two-headed ogre
 10251 | D:12     | Killed a two-headed ogre
 10333 | D:12     | Found a portal to a secret trove of treasure.
 10478 | D:12     | Found a runed translucent gate.
 10478 | D:12     | Found a runed translucent gate.
 10479 | D:12     | Found a runed translucent gate.
 10480 | D:12     | Noticed Kazon's ghost (journeyman HuFi)
 10696 | D:12     | Reached skill level 18 in Axes
 10698 | D:12     | Killed Kazon's ghost
 10822 | D:12     | Noticed a crystal guardian
 10822 | D:12     | Noticed a crystal guardian
 10978 | D:12     | Killed a crystal guardian
 11044 | D:12     | Killed a crystal guardian
 11112 | D:12     | Noticed an eight-headed hydra
 11130 | D:12     | Killed a ten-headed hydra
 11186 | D:12     | Noticed a two-headed ogre
 11200 | D:12     | Identified the ring "Egeogh" {Str+4 Int+6}
 11339 | D:13     | Noticed a six-headed hydra
 11344 | D:13     | Killed a ten-headed hydra
 11345 | D:13     | Reached XP level 13. HP: 123/123 MP: 12/12
 11708 | D:13     | Reached skill level 19 in Axes
 11882 | D:13     | HP: 2/124 [vault guard/+3 long sword (10)]
 12195 | D:13     | Paralysed by a hornet for 2 turns
 12416 | D:13     | Received a gift from Trog
 12417 | D:13     | Reached skill level 20 in Axes
 12562 | D:13     | Found a gate to the Vaults.
 12593 | D:13     | Reached skill level 15 in Fighting
 12848 | D:14     | Reached XP level 14. HP: 121/135 MP: 13/13
 13024 | D:14     | Reached skill level 15 in Armour
 13567 | D:15     | Entered Level 15 of the Dungeon
 13603 | D:15     | Reached skill level 21 in Axes
 14580 | D:15     | Found a staircase to the Depths.
 14674 | D:15     | Slain by a tengu warrior

Illustrated notes

Levels and vault maps discovered:
D:1:      dpeg_arrival_round_a, layout_basic,
          shapermc_ecumenical_altar_mp_highgroup
D:2:      layout_rooms, basic_altar, uniq_terence, uniq_crazy_yiuf_cottage
D:3:      layout_rooms, st_stairs_12
D:4:      layout_rooms, serial_shops, nicolae_lakefront_shop, abandoned_shop,
          st_stairs_13, minmay_vboxes, uniq_pikel
D:5:      layout_gridville, grunt_temple_overflow_magic_moments,
          grunt_temple_overflow_cloverleaf,
          minmay_temple_entry_statues_fountains, uniq_menkaure, uniq_edmund,
          uniq_duvessa
D:6:      layout_basic, nicolae_overflow_hidden_temple, uniq_sigmund
D:7:      layout_gridville, trog_ov_bears_minmay, nicolae_ossuary_entry_plus,
          enter_bailey_6, abandoned_shop
D:8:      layout_rooms, kennysheep_mini, kennysheep_boxes
D:9:      layout_gridville, minmay_misc_feat_four_crosses, uniq_erolcha
D:10:     layout_gridville, dpeg_lair_monsters, ebering_ghost_reflecting_pool,
          hangedman_abyss_or_decor_slice
D:11:     layout_roguey, dk_noncrumbling_4, minmay_misc_feat_secret_circle,
          kennysheep_generic_room_3
D:12:     layout_gridville, erik_orc_4, gammafunk_ghost_spectres,
          nicolae_trove_entry_diagonal, minmay_crystal_box
D:13:     kb_forest_paths, layout_basic, erik_vaults_2
D:14:     layout_irregular_city, serial_column_ruins, column_ruins_hut,
          column_ruins_columns_corner, column_ruins_open_small,
          column_ruins_columns_corner, column_ruins_corridor_straight
D:15:     hangedman_depths_entry_try_elsewhere_first, layout_stronghold,
          minmay_strange_pillars, evilmike_minifort
Temple:   compressed_dpeg_triangle_lava_temple

Skill      XL: |  1  2  3  4  5  6  7  8  9 10 11 12 13 14 |
---------------+-------------------------------------------+-----
Axes           | 4 5 6 8 10 12 14 16 18 20 21 | 21.9
Fighting       | 4 5 6 8 9 10 12 13 15 16 | 16.2
Armour         | 3 4 5 6 7 8 10 12 13 14 15 | 15.9
Dodging        | |  2.1

Action                   |  1- 3 |  4- 6 |  7- 9 | 10-12 | 13-15 || total
-------------------------+-------+-------+-------+-------+-------++-------
Melee: Hand axe          |    49 |    42 |       |       |       ||    91
       Headbutt          |     5 |     5 |    35 |    65 |    79 ||   189
       Punch             |       |     1 |     6 |       |       ||     7
       Rapier            |       |    15 |   166 |       |       ||   181
       Battleaxe         |       |       |    23 |   330 |   290 ||   643
       War axe           |       |       |    13 |    10 |       ||    23
       Executioner's axe |       |       |       |       |    29 ||    29
       Broad axe         |       |       |       |       |     4 ||     4
Invok: Berserk           |     1 |     3 |     7 |    16 |     5 ||    32
Evoke: Wand              |       |       |       |       |     2 ||     2
  Use: Potion            |       |       |     1 |     5 |     8 ||    14
       Scroll            |       |       |     3 |    21 |     5 ||    29
Armor: Animal skin       |     6 |       |       |       |       ||     6
       Scale mail        |       |    27 |    71 |       |       ||    98
       Plate armour      |       |       |    76 |   261 |   238 ||   575
Dodge: Dodged            |    23 |    30 |   146 |   150 |   103 ||   452
